 Dungeon Crawl Stone Soup version 0.30-a0-304-gdc4b735fe1 (webtiles) character file.

Game seed: 6938135479643750972

30 MrRokkomies the Sneak (level 3, 0/33 HPs)
             Began as an Armataur Delver on Oct 20, 2022.
             Slain by a goblin
             ... wielding a +0 hand axe
             ... led by Robin
              (2 damage)
             ... on level 2 of the Dungeon.
             The game lasted 00:03:03 (650 turns).

MrRokkomies the Sneak (Armataur Delver)              Turns: 650, Time: 00:03:04

Health: 0/33       AC:  5    Str: 17    XL:     3   Next: 3%
Magic:  3/3        EV:  9    Int: 10    God:
Gold:   26         SH:  0    Dex: 13    Spells: 2/2 levels left

rFire   . . .      SeeInvis .    a - +0 short sword
rCold   . . .      Faith    .    (no shield)
rNeg    . . .      Spirit   .    b - +0 leather armour
rPois   .          Reflect  .    e - +0 helmet
rElec   .          Harm     .    (no cloak)
rCorr   .          Roll     +    (no gloves)
Will    .....                    (no barding)
Stlth   +++.......               (no amulet)
HPRegen 0.25/turn                (no ring)
MPRegen 0.08/turn                (no ring)

@: no status effects
A: large, rugged brown scales 3, deformed body, armoured tail, roll, long
tongue, awkward tongue
a: no special abilities


You were on level 2 of the Dungeon.
You visited 1 branch of the dungeon, and saw 4 of its levels.

You collected 26 gold pieces.

Inventory:

Hand Weapons
 a - a +0 short sword (weapon)
 d - a +2 sling of draining
Missiles
 h - 4 javelins
Armour
 b - a +0 leather armour (worn)
 e - a +0 helmet (worn)
Wands
 g - a wand of digging (3)
Scrolls
 c - a scroll of fog


   Skills:
 * Level 3.1 Fighting
 * Level 2.3 Short Blades
 + Level 1.6 Dodging
 + Level 5.6 Stealth


You had 2 spell levels left.
You didn't know any spells.
Your spell library was empty.

Dungeon Overview and Level Annotations

Branches:
Dungeon (5/15)
 Temple: D:4-7

Altars:

Annotations:
D:2 Robin
D:4 Grinder


Innate Abilities, Weirdness & Mutations

You are completely covered in rugged brown scales. (AC +3, +7% HP)
Armour fits poorly on your strangely shaped body.
You have a long armoured tail.
You roll when moving toward enemies. (Rampage)
Your long tongue fully drains potion bottles. (2x potion effects)
Your tongue gives you trouble enunciating. (1.5x scroll delay)


Message History

You hit the goblin.
You kill the goblin!
The goblin hits you but does no damage.
You have reached level 3!
Your experience leads to an increase in your attributes!
Increase (S)trength, (I)ntelligence, or (D)exterity?
You feel agile. x2
You hit the goblin but do no damage.
The hobgoblin no longer looks unusually strong.
Robin throws the goblin at you! The goblin barely misses you.
A hobgoblin comes into view.
The goblin barely misses you.
You barely miss the goblin.
The goblin no longer looks unusually strong. x2
The goblin hits you with a +0 hand axe.
* * * LOW HITPOINT WARNING * * *
The goblin closely misses you.
You hit the goblin.
You kill the goblin!
The hobgoblin no longer looks unusually strong. x3
The goblin closely misses you.
You hit Robin.
Robin is lightly wounded.
Robin closely misses you. The goblin hits you with a +0 hand axe.
* * * LOW HITPOINT WARNING * * *
You hit Robin.
Robin is moderately wounded.
The goblin hits you with a +0 hand axe.
* * * LOW HITPOINT WARNING * * *
Robin hits you but does no damage.
You hit Robin.
Robin is moderately wounded.
You hit Robin.
Robin is heavily wounded.
The goblin no longer looks unusually strong.
Robin hits you but does no damage. The goblin hits you but does no damage.
You closely miss Robin. You tail-slap Robin.
Robin is heavily wounded.
Robin closely misses you. The goblin hits you with a +0 hand axe.
You die...

#.# ###
#.#
..#####.##
.g.......#
#gg......#
#g######.#
#g# #.#
#g# #.#
#@# #_#
#g######.#
#........#
#..#######
#..# #..#
#..# #.†#
#..#


You could see Robin, 4 hobgoblins and 2 goblins.

Vanquished Creatures
  4 orcs (D:3)
  3 ball pythons
  3 endoplasms
  A giant cockroach (D:2)
  6 goblins
  3 hobgoblins
  A bat (D:3)
  A rat (D:3)
22 creatures vanquished.

Notes
Turn   | Place    | Note
-------+----------+-------------------------------------------
     0 | D:5      | MrRokkomies the Armataur Delver began the quest for the
                  | Orb.
     0 | D:5      | Reached XP level 1. HP: 19/19 MP: 1/1
    17 | D:5      | Noticed a hound
    19 | D:5      | Noticed an orc wizard
    19 | D:5      | Noticed an orc priest
    22 | D:5      | Noticed an iguana
   108 | D:4      | Noticed a black bear
   125 | D:4      | Noticed Grinder
   295 | D:3      | Reached XP level 2. HP: 26/26 MP: 2/2
   605 | D:2      | Found a faded altar of an unknown god.
   625 | D:2      | Noticed Robin
   643 | D:2      | Reached XP level 3. HP: 7/33 MP: 3/3
   647 | D:2      | HP: 1/33 [goblin/+0 hand axe[Robin] (2)]
   650 | D:2      | Slain by a goblin

Illustrated notes

Levels and vault maps discovered:
D:2:      layout_loops_ring, basic_ecumenical_altar, minivault_14,
          glass_columns_a, uniq_robin
D:3:      layout_loops_ring
D:4:      layout_loops_ring, uniq_duvessa, uniq_grinder
D:5:      layout_gridville, overflow_temple_1_default,
          nicolae_kite_square_tiling_tiny, minmay_liquid_box, uniq_pikel

Skill      XL: |  1  2 |
---------------+-------+-----
Short Blades   | 2 |  2.3
Fighting       | 3 |  3.1
Dodging        | |  1.6
Stealth        | |  5.6

Action                   || total
-------------------------++-------
Melee: Short sword       ||    33
       Tailslap          ||     3
       Punch             ||     1
 Fire: Sling             ||    36
  Use: Scroll            ||     3
       Potion            ||     1
 Stab: Sleeping          ||     1
Armor: Leather armour    ||    22
Dodge: Dodged            ||    35

Table legend: (Time is in decaauts)
 A = Elapsed time spent in this place.
 B = Non-inter-level travel time spent in this place.
 C = Inter-level travel time spent in this place.
 D = Time resting spent in this place.
 E = Time spent auto-exploring this place.
 F = Levels seen in this place.
 G = Mean time per level.
                   A        B        C        D        E       F      G
               +--------+--------+--------+--------+--------+-----+--------+
         Total |    639 |    632 |      7 |    118 |    331 |   4 |  159.8 |
       Dungeon |    639 |    632 |      7 |    118 |    331 |   4 |  159.8 |
               +--------+--------+--------+--------+--------+-----+--------+

Top non-repeatable levels by time:
     D:3: 327 daAuts
     D:2: 180 daAuts
     D:4: 107 daAuts
     D:5: 23 daAuts
